 Dungeon Crawl Stone Soup version 0.32-a0-876-gcfddb08e57 (webtiles) character file.

Game seed: 3041171593828776685

32 Griffin23 the Covered (level 3, -4/33 HPs)
             Began as a Minotaur Fighter on Apr 1, 2024.
             Slain by a gnoll
             ... wielding a +0 halberd
              (9 damage)
             ... on level 2 of the Dungeon.
             The game lasted 00:00:33 (938 turns).

Griffin23 the Covered (Minotaur Fighter)             Turns: 938, Time: 00:00:34

Health: -4/33      AC:  7    Str: 22    XL:     3   Next: 8%
Magic:  2/2        EV:  8    Int:  5    God:
Gold:   69         SH:  4    Dex:  9    Spells: 2/2 levels left

rFire   . . .        a - +0 long sword
rCold   . . .        c - +0 buckler
rNeg    . . .        b - +0 scale mail
rPois   .            (helmet restricted)
rElec   .            (no cloak)
rCorr   .            (no gloves)
SInv    .            (no boots)
Will    .....        (no amulet) Stlth
                     (no ring)
HPRegen 0.25/turn    (no ring)
MPRegen 0.08/turn

%: no passive effects
@: no status effects
A: horns 2, retaliatory headbutt
a: no special abilities


You were on level 2 of the Dungeon.
You visited 1 branch of the dungeon, and saw 2 of its levels.

You collected 69 gold pieces.

Inventory:

Hand Weapons
 a - a +0 long sword (weapon)
Armour
 b - a +0 scale mail (worn)
 c - a +0 buckler (worn)
Scrolls
 f - 2 scrolls of silence {unknown}
Potions
 d - a potion of might
 e - a potion of curing {unknown}
 g - a potion of experience {unknown}


   Skills:
 + Level 4.0 Fighting
 + Level 3.0 Long Blades
 + Level 4.1 Armour
 + Level 4.0 Shields


You had 2 spell levels left.
You didn't know any spells.
Your spell library contained the following spells:

 Spells                   Type           Power      Damage    Failure   Level
 Call Imp                 Summ           0%         N/A       94%         2
 Sublimation of Blood     Necr           0%         N/A       94%         2
 Summon Hydra             Summ           0%         N/A       100%        7


Dungeon Overview and Level Annotations

Branches:
Dungeon (2/15)

Altars:


Innate Abilities, Weirdness & Mutations

You have a pair of horns on your head.
You reflexively headbutt those who attack you in melee.


Message History

Found a ring mail.
No target in view!
You see here a +1 short sword of holy wrath.
No target in view!
You see here a +1 short sword of holy wrath.
A gnoll comes into view. It is wielding a +0 whip.
The gnoll shouts!
A gnoll comes into view. It is wielding a +0 flail.
A gnoll comes into view. It is wielding a +0 halberd.
Found 3 stones.
The gnoll shouts! x2
A goblin comes into view. It is wielding a +0 dagger.
A quokka comes into view.
The goblin shouts!
There are monsters nearby!
You block the gnoll's attack.
There are monsters nearby!
You closely miss the gnoll. You headbutt the gnoll.
The gnoll is heavily wounded.
The gnoll barely misses you.
You closely miss the gnoll. Your headbutt misses the gnoll.
The gnoll is heavily wounded.
You block the gnoll's attack. The gnoll closely misses you.
The quokka bites you but does no damage.
You hit the goblin.
You kill the goblin!
The gnoll barely misses you. The gnoll hits you with a +0 whip.
The quokka bites you. The gnoll barely misses you.
The gnoll closely misses you. The gnoll hits you with a +0 flail!
The quokka barely misses you. You furiously retaliate!
You headbutt the quokka!
You kill the quokka!
The gnoll attacks as it pursues you! The gnoll barely misses you.
The gnoll hits you from afar with a +0 halberd.
The gnoll hits you with a +0 flail!
* * * LOW HITPOINT WARNING * * *
You open the door. The gnoll hits you but does no damage.
You block the gnoll's attack. x2
Found a stone staircase leading down.
The gnoll attacks as it pursues you!
The gnoll hits you from afar with a +0 halberd!
You die...

#######)#### >.....
............ .....
#######.#### #+#.... #.#
## ....... #####.# #<
..... #.....###. . ...##
#......†.. ... #..#
#....#....
....####@#######....#..[.
......g..................
......gg......#######....
..(...........# #....
....##........# ####. ...
#........# #. ##
#........# ##########


You could see 3 gnolls.

Vanquished Creatures
  An adder (D:2)
  5 endoplasms
  A giant cockroach (D:1)
  2 goblins
  3 hobgoblins (D:1)
  A kobold (D:1)
  2 quokkas
  2 bats (D:1)
  A frilled lizard (D:1)
  A rat (D:1)
19 creatures vanquished.

Notes
Turn   | Place    | Note
-------+----------+-------------------------------------------
     0 | D:1      | Griffin23 the Minotaur Fighter began the quest for the Orb.
     0 | D:1      | Reached XP level 1. HP: 19/19 MP: 0/0
   206 | D:1      | Reached XP level 2. HP: 24/27 MP: 1/1
   836 | D:2      | Reached XP level 3. HP: 24/33 MP: 2/2
   938 | D:2      | Slain by a gnoll

Illustrated notes

Levels and vault maps discovered:
D:1:      erik_arrival_triangle_huge, layout_basic
D:2:      layout_basic, hangedman_decor_points

Skill      XL: |  1  2 |
---------------+-------+-----
Fighting       | 4 |  4.0
Long Blades    | 3 |  3.0
Armour         | 4 |  4.1
Shields        | 4 |  4.0

Action                     || total
---------------------------++-------
  Melee: Long sword        ||    35
         Headbutt          ||     4
 Armour: Scale mail        ||    30
  Dodge: Dodged            ||    20
  Block: Buckler           ||     6

Table legend: (Time is in decaauts)
 A = Elapsed time spent in this place.
 B = Non-inter-level travel time spent in this place.
 C = Inter-level travel time spent in this place.
 D = Time resting spent in this place.
 E = Time spent auto-exploring this place.
 F = Levels seen in this place.
 G = Mean time per level.
                   A        B        C        D        E       F      G
               +--------+--------+--------+--------+--------+-----+--------+
         Total |    947 |    918 |     29 |      0 |    821 |   2 |  473.5 |
       Dungeon |    947 |    918 |     29 |      0 |    821 |   2 |  473.5 |
               +--------+--------+--------+--------+--------+-----+--------+

Top non-repeatable levels by time:
     D:1: 837 daAuts
     D:2: 110 daAuts
